 Dungeon Crawl Stone Soup version 0.30.1-11-g7821555f0a (webtiles) character file.

Game seed: 13967998749526885433

27542 Lutefisk the Covert (level 13, -7/90 HPs)
             Began as an Octopode Brigand on Nov 4, 2023.
             Was a High Priest of Fedhas.
             Mangled by a komodo dragon (32 damage)
             ... on level 5 of the Lair of Beasts on Nov 5, 2023.
             The game lasted 01:31:32 (9832 turns).

Lutefisk the Covert (Octopode Brigand)              Turns: 9832, Time: 01:31:33

Health: -7/90      AC:  5    Str: 16    XL:     13   Next: 33%
Magic:  16/16      EV: 18    Int: 14    God:    Fedhas [*****.]
Gold:   1293       SH: 12    Dex: 18    Spells: 6/12 levels left

rFire   . .          .
                       - Unarmed
rCold   + . .        j - +0 kite shield
rNeg    . . .        (helmet restricted)
rPois   .            d - amulet of regeneration
rElec   .            y - ring of protection from cold
rCorr   .            H - +6 ring of strength
SInv    +            v - +4 ring of protection
Will    .....        Z - ring of see invisible
Stlth   ++++++       (no ring)
HPRegen 1.15/turn    (no ring)
MPRegen 0.15/turn    (no ring)
                     (no ring)

%: no passive effects
@: no status effects
A: almost no armour, amphibious, 8 rings, camouflage 1, gelatinous body 1,
(nimble swimmer 1), tentacles
a: Renounce Religion, Wall of Briars, Grow Ballistomycete, Overgrow, Grow Oklob


You were on level 5 of the Lair of Beasts.
You worshipped Fedhas.
Fedhas was extremely pleased with you.
You visited 4 branches of the dungeon, and saw 20 of its levels.
You also visited: Sewer.

You collected 1293 gold pieces.

Inventory:

Hand Weapons
 a - a +1 dagger of venom
 u - a +0 trident
 N - the +3 long sword of Ceicwok {flame, +Blink rPois Str+5}
   (You found it on level 9 of the Dungeon)

   Str:       It affects your strength (+5).
   rPois:     It protects you from poison.
   +Blink:    It lets you blink.
Missiles
 b - 49 poisoned darts (quivered)
 c - 8 curare-tipped darts
 k - 9 boomerangs
 t - 7 javelins
 O - 6 atropa-tipped darts
 Y - 2 throwing nets
Armour
 j - a +0 kite shield (worn)
Magical Staves
 m - a staff of death
 I - a staff of poison
Jewellery
 d - an amulet of regeneration (around mantle)
 o - the amulet of the Blushing Messenger {Spirit rElec Will- Dex+2 Stlth+}
   (You found it on level 3 of the Dungeon)

   [amulet of guardian spirit]

   It causes incoming damage to be divided between your reserves of health and
   magic.
   Dex:       It affects your dexterity (+2).
   rElec:     It insulates you from electricity.
   Will:      It decreases your willpower.
   Stlth:     It makes you more stealthy.
 v - a +4 ring of protection (on tentacle)
 y - a ring of protection from cold (left tentacle)
 H - a +6 ring of strength (right tentacle)
 V - an amulet of magic regeneration
 W - an amulet of reflection
 X - a ring of ice
 Z - a ring of see invisible (on tentacle)
Wands
 q - a wand of charming (9)
 E - a wand of roots (3)
 L - a wand of flame (7)
Scrolls
 g - 5 scrolls of vulnerability
 h - 2 scrolls of poison {unknown}
 i - 3 scrolls of brand weapon
 l - 7 scrolls of teleportation
 r - a scroll of enchant armour {unknown}
 x - 3 scrolls of amnesia {unknown}
 F - a scroll of fog {unknown}
 G - 3 scrolls of torment {unknown}
 J - 4 scrolls of enchant weapon
 Q - 2 scrolls of fear {unknown}
 R - a scroll of magic mapping {unknown}
 T - a scroll of summoning {unknown}
 U - 2 scrolls of blinking {unknown}
Potions
 e - 6 potions of curing
 f - 5 potions of might
 n - 3 potions of lignification
 p - 3 potions of berserk rage
 s - 5 potions of ambrosia
 w - 3 potions of mutation {unknown}
 z - 2 potions of resistance {unknown}
 A - a potion of invisibility {unknown}
 B - a potion of experience {unknown}
 C - 2 potions of haste {unknown}
 D - 2 potions of brilliance {unknown}
 K - 4 potions of heal wounds
 M - a potion of flight {unknown}
 S - a potion of attraction {unknown}
Miscellaneous
 P - a box of beasts (inert)


   Skills:
 - Level 9.0 Fighting
 - Level 2.0 Short Blades
 - Level 2.0 Throwing
 - Level 10.0 Dodging
 - Level 12.0 Stealth
 - Level 10.0 Shields
 * Level 11.6 Unarmed Combat
 - Level 1.0 Translocations
 - Level 2.0 Poison Magic
 - Level 5.0 Invocations
 - Level 4.0 Evocations


You had 6 spell levels left.
You knew the following spells:

 Your Spells              Type           Power      Damage    Failure   Level
a - Blade Hands           Tmut           0%         N/A       100%        5
b - Apportation           Tloc           4%         N/A       38%         1

Your spell library contained the following spells:

 Spells                   Type           Power      Damage    Failure   Level
 Magic Dart               Conj           0%         1d3       52%         1
 Slow                     Hex            0%         N/A       52%         1
 Lesser Beckoning         Tloc           4%         N/A       52%         2
 Call Imp                 Summ           0%         N/A       67%         2
 Scorch                   Fire           0%         2d5       67%         2
 Gell's Gravitas          Tloc           2%         N/A       77%         3
 Teleport Other           Tloc           2%         N/A       77%         3
 Mephitic Cloud           Conj/Pois/Air  1%         N/A       82%         3
 Portal Projectile        Hex/Tloc       2%         N/A       83%         3
 Confusing Touch          Hex            0%         N/A       88%         3
 Inner Flame              Hex/Fire       0%         N/A       88%         3
 Tukima's Dance           Hex            0%         N/A       88%         3
 Vampiric Draining        Necr           0%         2d6       88%         3
 Anguish                  Hex/Necr       0%         N/A       99%         4
 Cause Fear               Hex            0%         N/A       99%         4
 Flame Wave               Conj/Fire      0%         2d4       99%         4
 Sticky Flame             Conj/Fire      0%         2d3       99%         4
 Alistair's Intoxication  Tmut/Pois      1%         N/A       100%        5
 Summon Cactus Giant      Summ           0%         N/A       100%        6
 Enfeeble                 Hex            0%         N/A       100%        7


Dungeon Overview and Level Annotations

Branches:
Dungeon (13/15)            Temple (1/1) D:6            Lair (5/5) D:11
  Swamp (0/4) Lair:3       Spider (0/4) Lair:3          Orc (1/2) D:12
  Sewer (visited)
  Slime: Lair:4-5    Vaults: D:13-14

Altars:
Ashenzari
Cheibriados
Dithmenos
Elyvilon
Fedhas
Gozag
Kikubaaqudgha
Makhleb
Nemelex Xobeh
Okawaru
Qazlal
Ru
Sif Muna
Trog
Uskayaw
Vehumet
Wu Jian
Xom
Yredelemnul
Zin
The Shining One
Jiyva

Shops:
D:5 *

Annotations:
Lair:3 Gastronok
Lair:4 1 runed translucent door
Orc:1 Jorgrun


Innate Abilities, Weirdness & Mutations

You cannot wear most types of armour.
You are amphibious.
You can wear up to eight rings at the same time.
Your skin changes colour to match your surroundings (Stealth+).
Your rubbery body absorbs attacks. (AC +1, EV +1)
((You are camouflaged when in or above water. (Stealth+)))
You have tentacles for arms and can constrict up to eight enemies at once.


Message History

The komodo dragon looks even sicker.
The komodo dragon is lightly wounded.
Throw: 50 darts (poison)
Press: ? - help, Q - select action, (/) - cycle Shift-Dir - straight line, f/p - komodo dragon
Aim: a komodo dragon (lightly wounded, very poisoned, 72% to hit)
You throw a poisoned dart.
The poisoned dart hits the komodo dragon.
The komodo dragon looks even sicker.
The komodo dragon is lightly wounded.
You tentacle-slap the komodo dragon but do no damage.
The komodo dragon is lightly wounded.
The komodo dragon closely misses you.
You tentacle-slap the komodo dragon.
Your tentacle-slap misses the komodo dragon.
You squeeze the komodo dragon, but do no damage.
The komodo dragon is lightly wounded.
The komodo dragon bites you!!
You tentacle-slap the komodo dragon. Your squeeze misses the komodo dragon.
The komodo dragon is moderately wounded.
The komodo dragon bites you.
You tentacle-slap the komodo dragon.
You squeeze the komodo dragon, but do no damage.
The komodo dragon is moderately wounded.
The komodo dragon bites you!!
You bludgeon the komodo dragon! You squeeze the komodo dragon.
The komodo dragon is severely wounded.
The komodo dragon barely misses you.
You barely miss the komodo dragon.
You squeeze the komodo dragon, but do no damage.
The komodo dragon is severely wounded.
The komodo dragon closely misses you.
You completely miss the komodo dragon. Your squeeze misses the komodo dragon.
The komodo dragon is severely wounded.
The komodo dragon bites you!
* * * LOW HITPOINT WARNING * * *
You bludgeon the komodo dragon!
The komodo dragon is almost dead.
The komodo dragon bites you!!
You die...
Fedhas appreciates your contribution to the ecosystem.

.................##
..................#
.........(........#
##....###...+..#.##
#......#.†##.##(..#
##....#.#.....#.(.#
.............###(##
B#.....#P....###l.#
.......##....P##@##
#.....##.#.#.##...#
##..(..####...##.##
........###....#.#
.................#
P#.####....#.....#
## #.###†###.#.# #
#.# ##### ###


You could see a komodo dragon (very poisoned).

Vanquished Creatures
  Fannar (Lair:2)
  Harold (Lair:1)
  Erolcha (D:12)
  A two-headed ogre (D:9)
  2 boulder beetles
  Urug (Lair:1)
  Sonja (Lair:1)
  A bog body (Lair:1)
  2 lindwurms
  A deep elf pyromancer (D:10)
  An orc sorcerer (D:13)
  3 manticores
  An elephant (Lair:5)
  6 cane toads
  A gargoyle (D:12)
  5 rime drakes
  6 komodo dragons
  An ice devil (Lair:1)
  An anaconda simulacrum (Lair:1)
  2 trolls
  3 polar bears (Lair:1)
  Prince Ribbit (D:7)
  A blink frog (Lair:5)
  18 yaks
  2 wraiths
  3 wyverns
  A vampire (D:12)
  A basilisk (Lair:5)
  Grum (D:9)
  2 steam dragons
  A death yak simulacrum (Lair:1)
  A vampire mosquito (Lair:5)
  3 redbacks (Lair:3)
  Menkaure (D:6)
  An acid dragon (D:9)
  10 water moccasins
  12 orc warriors
  2 ogres (D:12)
  2 black bears (D:11)
  A sky beast (D:6)
  3 centaurs
  9 wolves
  A phantom (D:4)
  9 kobold brigands
  Blork the orc (D:5)
  2 gnoll sergeants (D:12)
  15 bullfrogs
  4 scorpions
  A two-headed ogre simulacrum (Lair:1)
  3 wights (D:6)
  An electric eel (Lair:5)
  5 howler monkeys
  A hound (D:7)
  A jelly (D:8)
  7 orc priests
  Crazy Yiuf (D:7)
  4 iguanas
  14 orc wizards
  A troll simulacrum (Lair:1)
  A gnoll (D:8)
  2 adders
  2 worms
  4 dart slugs (D:1)
  38 orcs
  5 endoplasms
  3 giant cockroaches
  4 goblins
  A hobgoblin (D:4)
  6 quokkas
  8 ball pythons
  5 bats
  4 frilled lizards
  29 kobolds
  7 rats
308 creatures vanquished.

Vanquished Creatures (collateral kills)
  A skyshark (Lair:3)
  A basilisk (D:11)
  A howler monkey (D:11)
3 creatures vanquished.

Vanquished Creatures (others)
  Psyche (D:9)
  A wolf (D:9)
  A killer bee (D:9)
  An orc wizard (D:8)
4 creatures vanquished.

Grand Total: 315 creatures vanquished

Notes
Turn   | Place    | Note
-------+----------+-------------------------------------------
     0 | D:1      | Lutefisk the Octopode Brigand began the quest for the Orb.
     0 | D:1      | Reached XP level 1. HP: 14/14 MP: 1/1
    88 | D:1      | Reached skill level 1 in Unarmed Combat
    88 | D:1      | Reached XP level 2. HP: 20/20 MP: 2/2
   503 | D:2      | Reached XP level 3. HP: 18/25 MP: 3/3
   607 | D:3      | Found a glowing golden altar of the Shining One.
   693 | D:3      | Found a bloodstained altar of Trog.
   693 | D:3      | Found a radiant altar of Vehumet.
   710 | D:3      | Identified the amulet of the Blushing Messenger {Spirit
                  | rElec Will- Dex+2 Stlth+}
  1032 | D:4      | Reached XP level 4. HP: 14/31 MP: 4/4
  1058 | D:4      | Noticed a phantom
  1150 | D:5      | Entered Level 5 of the Dungeon
  1171 | D:5      | Reached XP level 5. HP: 25/37 MP: 5/5
  1256 | D:5      | Found a glowing drain.
  1269 | Sewer    | Entered a sewer
  1456 | Sewer    | Noticed a kobold brigand
  1463 | Sewer    | Killed a kobold brigand
  1464 | Sewer    | Reached skill level 6 in Stealth
  1464 | Sewer    | Reached skill level 1 in Evocations
  1549 | D:4      | Reached XP level 6. HP: 42/43 MP: 6/6
  1615 | D:4      | Learned a level 5 spell: Blade Hands
  1653 | D:4      | Reached skill level 5 in Fighting
  1653 | D:4      | Reached XP level 7. HP: 25/50 MP: 7/7
  1806 | D:5      | Reached skill level 7 in Stealth
  1891 | D:6      | Noticed Menkaure
  2178 | D:6      | Reached skill level 5 in Unarmed Combat
  2236 | D:6      | Reached XP level 8. HP: 30/55 MP: 8/8
  2252 | D:6      | Found a staircase to the Ecumenical Temple.
  2264 | Temple   | Entered the Ecumenical Temple
  2341 | Temple   | Became a worshipper of Fedhas Madash
  2360 | D:6      | Killed Menkaure
  2361 | D:6      | Reached skill level 1 in Invocations
  2458 | D:5      | Found Euihag's Eclectic Emporium.
  2459 | D:5      | Noticed Blork the orc
  2492 | D:5      | Killed Blork the orc
  2493 | D:5      | Reached skill level 8 in Stealth
  2715 | D:7      | Noticed Prince Ribbit
  2769 | D:7      | Killed Prince Ribbit
  2769 | D:7      | Reached * piety under Fedhas
  2770 | D:7      | Reached skill level 5 in Dodging
  2770 | D:7      | Reached XP level 9. HP: 33/62 MP: 10/10
  2809 | D:7      | Identified the +5 ring mail of the Comet {Str+2 SInv}
  2958 | D:7      | Found a stormy altar of Qazlal.
  2978 | D:7      | Reached skill level 9 in Stealth
  3149 | D:7      | Found a runed translucent door.
  3150 | D:7      | Noticed Crazy Yiuf
  3165 | D:7      | Killed Crazy Yiuf
  3380 | D:8      | Noticed a two-headed ogre
  3816 | D:9      | Noticed a two-headed ogre
  3851 | D:9      | Killed a two-headed ogre
  3852 | D:9      | Reached XP level 10. HP: 71/71 MP: 12/12
  3868 | D:9      | Reached ** piety under Fedhas
  3869 | D:9      | Reached skill level 10 in Stealth
  3901 | D:9      | Identified the +3 long sword of Ceicwok {flame, +Blink
                  | rPois Str+5}
  3952 | D:9      | Reached skill level 1 in Poison Magic
  3985 | D:9      | Noticed Psyche
  4014 | D:9      | Killed Psyche
  4119 | D:9      | Found an opulent altar of Gozag.
  4168 | D:9      | Noticed Grum
  4227 | D:9      | Killed Grum
  4330 | D:10     | Entered Level 10 of the Dungeon
  4330 | D:10     | Noticed a deep elf pyromancer
  4385 | D:9      | Found a white marble altar of Elyvilon.
  4838 | D:11     | Noticed a boulder beetle
  4919 | D:11     | Noticed a manticore
  5064 | D:10     | Killed a deep elf pyromancer
  5230 | D:11     | Killed a boulder beetle
  5231 | D:11     | Reached skill level 5 in Invocations
  5231 | D:11     | Reached XP level 11. HP: 18/77 MP: 14/14
  5389 | D:11     | Reached *** piety under Fedhas
  5518 | D:11     | Found a staircase to the Lair.
  5562 | Lair:1   | Entered Level 1 of the Lair of Beasts
  5562 | Lair:1   | Noticed Harold
  5610 | Lair:1   | Noticed Urug
  6263 | Lair:3   | Found a hole to the Spider Nest.
  6298 | Lair:3   | Noticed Gastronok
  6355 | Lair:3   | Noticed Fannar
  6584 | Lair:1   | Noticed Sonja
  6592 | Lair:1   | Killed Sonja
  6593 | Lair:1   | Reached skill level 10 in Unarmed Combat
  6727 | Lair:1   | Noticed a bog body
  6777 | Lair:1   | Reached skill level 10 in Dodging
  6798 | Lair:1   | Killed a bog body
  6923 | Lair:3   | Noticed a skyshark
  6938 | Lair:2   | Killed Fannar
  6939 | Lair:2   | Reached XP level 12. HP: 44/85 MP: 15/15
  7247 | Lair:4   | Reached **** piety under Fedhas
  7248 | Lair:4   | Reached skill level 5 in Shields
  7307 | Lair:4   | Noticed an eight-headed hydra
  7384 | Lair:4   | Reached skill level 11 in Stealth
  7456 | Lair:4   | Found a runed translucent door.
  7456 | Lair:4   | Found a viscous altar of Jiyva.
  7456 | Lair:4   | Noticed an acid blob
  7470 | Lair:5   | Entered Level 5 of the Lair of Beasts
  7568 | Lair:5   | Noticed a death yak
  7568 | Lair:5   | Noticed a death yak
  7568 | Lair:5   | Noticed a death yak
  7568 | Lair:5   | Noticed a death yak
  7568 | Lair:5   | Noticed a death yak
  7568 | Lair:5   | Noticed a death yak
  7668 | Lair:3   | Found a staircase to the Swamp.
  7983 | Lair:1   | Reached skill level 12 in Stealth
  8004 | Lair:1   | Learned a level 1 spell: Apportation
  8053 | Lair:1   | Killed Harold
  8054 | Lair:1   | Reached skill level 1 in Translocations
  8431 | D:12     | Noticed Erolcha
  8445 | D:12     | Killed Erolcha
  8530 | D:12     | Found a staircase to the Orcish Mines.
  8621 | Orc:1    | Entered Level 1 of the Orcish Mines
  8625 | Orc:1    | Reached ***** piety under Fedhas
  8647 | Orc:1    | Noticed Jorgrun
  8965 | D:13     | Reached XP level 13. HP: 61/88 MP: 16/16
  9409 | Lair:1   | Killed Urug
  9768 | Lair:5   | Reached skill level 10 in Shields
  9832 | Lair:5   | Mangled by a komodo dragon

Illustrated notes

Levels and vault maps discovered:
D:1:      ebering_trefoil_twist, layout_loops_ring
D:2:      layout_loops_ring, wad_orctagon
D:3:      layout_basic, tso_oasis_becter, jmf_multi_god_temple,
          general_overflow_altar
D:4:      layout_rooms
D:5:      layout_basic, portal_sewer_entry_b, nicolae_alphabet_shops,
          kennysheep_generic_room_11, uniq_blork_the_orc
D:6:      layout_basic, minmay_temple_entry_junction, grunt_ministairs_14,
          uniq_menkaure
D:7:      layout_cave_pools, mainiacjoe_overflow_alcove_4,
          hangedman_decor_lopped, uniq_crazy_yiuf_cottage, uniq_prince_ribbit1
D:8:      layout_loops_corners, hangedman_decor_push, uniq_erica, uniq_joseph
D:9:      layout_stronghold, lemuel_round_altar, nicolae_overflow_crystal_walls,
          minmay_circle_x, uniq_grum, uniq_psyche
D:10:     layout_basic, serial_rivers, chequers_serial_rivers_marsh,
          chequers_serial_rivers_micro_c, chequers_serial_rivers_room_a,
          chequers_serial_rivers_large_b, chequers_serial_rivers_large_a,
          chequers_serial_rivers_micro_b
D:11:     layout_rooms, due_lair_maze_entry_diamond, serial_curves,
          eino_curves_04, eino_curves_04, eino_curves_03, kennysheep_nub
D:12:     cheibrodos_quadrivalence, layout_basic,
          kennysheep_orc_monster_closet_entryway,
          chequers_serial_rivers_small_3, dreamdust_wishing_well, uniq_erolcha
D:13:     layout_long_grid, fedhas_altar_1
Temple:   nicolae_temple_superstar
Lair:1:   dreamdust_isle_of_ice, layout_cave_pods, uniq_harold, uniq_urug,
          uniq_sonja
Lair:2:   layout_hall_layers, grunt_megastairs_5
Lair:3:   layout_misc_corridors, swamp_mist_pool, spider_nest_entry_webs,
          serial_bayou_shore_b, uniq_gastronok, uniq_fannar
Lair:4:   layout_regular_city, slime_entry_2, serial_bayou_shore_b
Lair:5:   minmay_lair_end_frog_pond, layout_regular_city, serial_bayou_shore_a
Orc:1:    layout_caves, uniq_jorgrun

Skill      XL: |  1  2  3  4  5  6  7  8  9 10 11 12 13 |
---------------+----------------------------------------+-----
Unarmed Combat | 1 2 3 4 5 6 7 8 10 11 | 11.6
Fighting       | 3 4 5 6 7 8 9 |  9.0
Dodging        | 2 3 5 7 8 10 | 10.0
Stealth        | 6 7 8 9 10 12 | 12.0
Evocations     | 1 2 3 4 |  4.0
Invocations    | 2 3 5 |  5.0
Poison Magic   | 2 |  2.0
Shields        | 4 9 10 | 10.0
Translocations | 1 |  1.0
Short Blades   | |  2.0
Throwing       | |  2.0

Action                     |  1- 3 |  4- 6 |  7- 9 | 10-12 | 13-15 || total
---------------------------+-------+-------+-------+-------+-------++-------
  Melee: Dagger            |    60 |   107 |    54 |    28 |     1 ||   250
         Constrict         |    13 |    27 |    49 |    64 |    10 ||   163
         Tentacles         |     4 |    25 |    57 |   147 |    22 ||   255
         Punch             |       |     5 |     7 |    43 |     5 ||    60
         Unarmed           |       |       |   159 |   482 |    77 ||   718
         Trident           |       |       |       |       |     8 ||     8
  Throw: Dart              |     3 |       |    32 |    71 |    10 ||   116
         Boomerang         |     2 |       |    23 |     4 |     3 ||    32
         Throwing net      |       |       |       |     1 |       ||     1
 Invoke: Wall of Briars    |       |       |       |       |     2 ||     2
  Evoke: Wand              |       |       |     7 |    24 |    21 ||    52
         Box of beasts     |       |       |       |     2 |     1 ||     3
    Use: Scroll            |     3 |     1 |     2 |     7 |     2 ||    15
   Stab: Sleeping          |    17 |     7 |     7 |    24 |     2 ||    57
         Distracted        |       |     1 |       |     4 |     1 ||     6
         Invisible         |       |       |       |     4 |       ||     4
 Armour: Skin              |     5 |     3 |     7 |    45 |    11 ||    71
  Dodge: Dodged            |    22 |    56 |   125 |   325 |    64 ||   592
  Block: Kite shield       |       |       |       |    72 |    50 ||   122
